 Dungeon Crawl Stone Soup version 0.22-a0-231-g1b571ea (webtiles) character file.

2994 wolfsongas the Magician (level 9, -1/71 HPs)
             Began as a Gnoll Skald on Feb 21, 2018.
             Slain by an ogre
             ... wielding a +0 giant club
              (11 damage)
             ... on level 7 of the Dungeon.
             The game lasted 00:10:58 (7508 turns).

wolfsongas the Magician (Gnoll Skald)               Turns: 7508, Time: 00:10:59

Health: -1/71      AC: 11    Str: 17    XL:     9   Next: 83%
Magic:  0/19       EV: 13    Int: 16    God:
Gold:   368        SH:  5    Dex: 14    Spells: 17/21 levels left

rFire    . . .     SeeInvis .   m - +0 war axe
rCold    . . .     Gourm    .   n - +0 buckler
rNeg     + . .     Faith    .   l - +0 chain mail
rPois    .         Spirit   +   (no helmet)
rElec    .         Reflect  .   (no cloak)
rCorr    .         Harm     .   j - +0 pair of gloves
MR       .....                  (no boots)
Stlth    ..........             f - amulet of guardian spirit
HPRegen  0.21/turn              a - +3 ring of evasion
MPRegen  0.16/turn              d - ring of positive energy

@: lethally poisoned (-1 -> -4), hasted, very quick
A: distributed training, fangs 1, evolution 1, MP-powered wands, strong nose
a: no special abilities


You were on level 7 of the Dungeon.
You were not hungry.

You visited 2 branches of the dungeon, and saw 8 of its levels.

You collected 368 gold pieces.

Inventory:

Hand Weapons
 m - a +0 war axe (weapon)
Armour
 j - a +0 pair of gloves (worn)
 l - a +0 chain mail (worn)
 n - a +0 buckler (worn)
Jewellery
 a - a +3 ring of evasion (left hand)
 d - a ring of positive energy (right hand)
 f - an amulet of guardian spirit (around neck)
Wands
 p - a wand of enslavement (12)
Scrolls
 b - a scroll of blinking
 e - 6 scrolls of remove curse
 h - 7 scrolls of teleportation
 i - 4 scrolls of identify
Potions
 g - a potion of magic
 k - a potion of curing


   Skills:
 + Level 6.5 Fighting
 + Level 4.5 Short Blades
 + Level 4.5 Long Blades
 + Level 4.5 Axes
 + Level 6.5 Maces & Flails
 + Level 4.5 Polearms
 + Level 4.5 Staves
 + Level 4.5 Slings
 + Level 4.5 Bows
 + Level 4.5 Crossbows
 + Level 4.5 Throwing
 + Level 5.3 Armour
 + Level 6.5 Dodging
 + Level 4.5 Stealth
 + Level 4.5 Shields
 + Level 4.5 Unarmed Combat
 + Level 6.8 Spellcasting
 + Level 3.7 Conjurations
 + Level 3.7 Hexes
 + Level 6.7 Charms
 + Level 3.7 Summonings
 + Level 3.7 Necromancy
 + Level 3.7 Translocations
 + Level 3.7 Transmutations
 + Level 3.7 Fire Magic
 + Level 3.7 Ice Magic
 + Level 3.7 Air Magic
 + Level 3.7 Earth Magic
 + Level 3.7 Poison Magic
 + Level 5.0 Invocations
 + Level 4.5 Evocations


You had 17 spell levels left.
You knew the following spells:

 Your Spells              Type           Power        Failure   Level  Hunger
a - Infusion              Chrm           ####         11%         1    None
b - Spectral Weapon       Hex/Chrm       ###.....     50%         3    ##.....


Dungeon Overview and Level Annotations

Branches:
Dungeon (7/15)             Temple (1/1) D:4

Altars:
Ashenzari
Cheibriados
Dithmenos
Elyvilon
Hepliaklqana
Kikubaaqudgha
Makhleb
Nemelex Xobeh
Okawaru
Qazlal
Ru
Sif Muna
Trog
Vehumet
Wu Jian
Xom
Yredelemnul
Zin
The Shining One

Shops:
D:5 =


Innate Abilities, Weirdness & Mutations

Your experience applies equally to all skills.
You have very sharp teeth.
Your uncanny sense of smell can sniff out nearby items.
You evolve.
You expend magic power (3 MP) to strengthen your wands.


Message History

* * * LOW HITPOINT WARNING * * *
Something hits you but does no damage.
You feel yourself speed up.
The orc wizard hits you but does no damage.
You are poisoned.
Something hits you.
* * * LOW HITPOINT WARNING * * *
The ogre barely misses you.
You miss the orc wizard.
The orc wizard is almost dead.
You slash the ogre! You closely miss something.
You feel sick. The orc wizard barely misses you.
You hear some strange, mumbled words.
A puff of flame appears from out of thin air!
The puff of flame hits you!
* * * LOW HITPOINT WARNING * * *
You slash the orc wizard!
You kill the orc wizard!
You hit the ogre. You miss something. The ogre hits you with a giant club!
You die...

#. #.. #. #.#
#. #.# # #.##.#
... #..#.#
....# #.#<#
......###...#
.......%..O##
.....###[).@#
...
......†{)oo....
.
#####..###o....
#..# .... #...
##. ...## ∆
#..## #..


You could see an ogre and 3 orcs.

Vanquished Creatures
  Pikel (D:7)
  The ghost of holliwood the Fighter, a novice OgBe of Trog (D:4)
  A wyvern (D:6)
  Eustachio (D:6)
  A hungry ghost (D:7)
  Menkaure (D:6)
  2 slaves (D:7)
  An ice beast (D:4)
  A black bear (D:7)
  A phantom (D:4)
  2 centaurs
  2 bullfrogs
  2 scorpions (D:6)
  A water moccasin skeleton (D:7)
  2 howler monkeys
  A bullfrog zombie (D:6)
  2 crimson imps
  2 hounds
  4 orc wizards
  A bullfrog skeleton (D:6)
  An orc priest (D:3)
  An iguana (D:4)
  5 worker ants
  4 gnolls (D:5)
  16 adders
  A shadow imp (D:5)
  3 oozes (D:3)
  An adder skeleton (D:7)
  A worm (D:2)
  2 dart slugs
  4 leopard geckos
  15 orcs
  3 ball pythons
  6 bats
  7 giant cockroaches
  10 goblins
  6 hobgoblins
  13 jackals
  8 kobolds
  2 quokkas
  3 frilled lizards
  A leopard gecko skeleton (D:4)
  A leopard gecko zombie (D:5)
  5 rats (D:2)
149 creatures vanquished.

Vanquished Creatures (others)
  An orc wizard (D:7)
  A spectral weapon (D:6)
2 creatures vanquished.

Grand Total: 151 creatures vanquished

Notes
Turn   | Place    | Note
-------+----------+-------------------------------------------
     0 | D:1      | wolfsongas the Gnoll Skald began the quest for the Orb.
     0 | D:1      | Reached XP level 1. HP: 20/20 MP: 6/6
   110 | D:1      | Reached XP level 2. HP: 24/26 MP: 7/7
   254 | D:1      | Reached XP level 3. HP: 26/31 MP: 9/9
   262 | D:1      | Reached skill level 5 in Spellcasting
   591 | D:1      | Reached skill level 1 in Invocations
   905 | D:2      | Reached skill level 1 in Short Blades
   905 | D:2      | Reached skill level 1 in Long Blades
   905 | D:2      | Reached skill level 1 in Axes
   905 | D:2      | Reached skill level 1 in Polearms
   905 | D:2      | Reached skill level 1 in Staves
   905 | D:2      | Reached skill level 1 in Slings
   905 | D:2      | Reached skill level 1 in Bows
   905 | D:2      | Reached skill level 1 in Crossbows
   905 | D:2      | Reached skill level 1 in Throwing
   905 | D:2      | Reached skill level 1 in Stealth
   905 | D:2      | Reached skill level 1 in Shields
   905 | D:2      | Reached skill level 1 in Unarmed Combat
   905 | D:2      | Reached skill level 1 in Evocations
   905 | D:2      | Reached XP level 4. HP: 38/38 MP: 11/11
  1425 | D:2      | Reached skill level 1 in Conjurations
  1425 | D:2      | Reached skill level 1 in Hexes
  1425 | D:2      | Reached skill level 1 in Summonings
  1425 | D:2      | Reached skill level 1 in Necromancy
  1425 | D:2      | Reached skill level 1 in Translocations
  1425 | D:2      | Reached skill level 1 in Transmutations
  1425 | D:2      | Reached skill level 1 in Fire Magic
  1425 | D:2      | Reached skill level 1 in Ice Magic
  1425 | D:2      | Reached skill level 1 in Air Magic
  1425 | D:2      | Reached skill level 1 in Earth Magic
  1425 | D:2      | Reached skill level 1 in Poison Magic
  1621 | D:2      | Reached XP level 5. HP: 43/43 MP: 12/12
  2068 | D:3      | Learned a level 3 spell: Spectral Weapon
  2114 | D:3      | Found a shattered altar of Ashenzari.
  2486 | D:3      | Reached XP level 6. HP: 47/50 MP: 11/13
  3565 | D:4      | Found a staircase to the Ecumenical Temple.
  3665 | D:4      | Reached skill level 5 in Fighting
  3665 | D:4      | Reached skill level 5 in Maces & Flails
  3665 | D:4      | Reached skill level 5 in Dodging
  3681 | D:4      | Noticed a phantom
  3712 | D:4      | Killed a phantom
  3756 | Temple   | Entered the Ecumenical Temple
  3865 | D:4      | Noticed holliwood's ghost (novice OgBe)
  3876 | D:4      | Reached XP level 7. HP: 55/56 MP: 12/15
  3898 | D:4      | Killed holliwood's ghost
  3898 | D:4      | Reached XP level 8. HP: 21/63 MP: 1/16
  4201 | D:4      | Found an ornate altar of the Wu Jian Council.
  4391 | D:4      | Found a bloodstained altar of Trog.
  4423 | D:4      | Found an iron altar of Okawaru.
  4715 | D:5      | Entered Level 5 of the Dungeon
  4792 | D:5      | HP: 3/63 [poisoned by a worker ant]
  4800 | D:5      | HP: 3/63 [poisoned by a worker ant]
  5154 | D:5      | Gained mutation: You expend magic power (3 MP) to strengthen your wands. [potion of mutation]
  5154 | D:5      | Gained mutation: Your body sometimes deteriorates upon taking damage. [potion of mutation]
  5154 | D:5      | Gained mutation: You evolve. [potion of mutation]
  5241 | D:5      | Found a deep blue altar of Sif Muna.
  5289 | D:5      | Found Silempyo's Jewellery Shop.
  5536 | D:5      | Found a snail-covered altar of Cheibriados.
  5883 | D:6      | Noticed Eustachio
  5916 | D:6      | Killed Eustachio
  6157 | D:6      | Noticed Menkaure
  6166 | D:6      | Killed Menkaure
  6451 | D:6      | Reached XP level 9. HP: 54/69 MP: 14/18
  6986 | D:6      | Lost mutation: Your body sometimes deteriorates upon taking damage. [evolution]
  7421 | D:7      | Noticed Pikel
  7446 | D:7      | Killed Pikel
  7446 | D:7      | Reached skill level 5 in Armour
  7498 | D:7      | Reached skill level 5 in Invocations
  7508 | D:7      | Slain by an ogre

Vault maps used:
D:1:      nzn_arrival_water_spiral, st_stairs_8
D:3:      cheibrodos_ashenzari_chains
D:4:      okawaru_metal_pillars_3, lightli_temple_of_fire, lemuel_doored_altar,
          minmay_temple_entry_trees, first_ration
D:5:      lemuel_blue_sif_altar, lemuel_coloured_pillars_altar, serial_shops,
          kennysheep_mini, feat_on_display
D:6:      uniq_menkaure, uniq_eustachio
D:7:      nicolae_gozag_seed_capital, marbit_many_paths, kennysheep_little_box,
          nicolae_qazlal_eye_of_the_storm, uniq_pikel
Temple:   dshaligram_water_room_temple

Skill      XL: |  1  2  3  4  5  6  7  8  9 |
---------------+----------------------------+-----
Spellcasting   | 5 6 |  6.8
Invocations    | 1 2 3 4 5 |  5.0
Short Blades   | 1 2 3 4 |  4.5
Long Blades    | 1 2 3 4 |  4.5
Axes           | 1 2 3 4 |  4.5
Polearms       | 1 2 3 4 |  4.5
Staves         | 1 2 3 4 |  4.5
Slings         | 1 2 3 4 |  4.5
Bows           | 1 2 3 4 |  4.5
Crossbows      | 1 2 3 4 |  4.5
Throwing       | 1 2 3 4 |  4.5
Stealth        | 1 2 3 4 |  4.5
Shields        | 1 2 3 4 |  4.5
Unarmed Combat | 1 2 3 4 |  4.5
Evocations     | 1 2 3 4 |  4.5
Conjurations   | 1 2 3 |  3.7
Hexes          | 1 2 3 |  3.7
Summonings     | 1 2 3 |  3.7
Necromancy     | 1 2 3 |  3.7
Translocations | 1 2 3 |  3.7
Transmutations | 1 2 3 |  3.7
Fire Magic     | 1 2 3 |  3.7
Ice Magic      | 1 2 3 |  3.7
Air Magic      | 1 2 3 |  3.7
Earth Magic    | 1 2 3 |  3.7
Poison Magic   | 1 2 3 |  3.7
Armour         | 3 4 5 |  5.3
Fighting       | 5 6 |  6.5
Maces & Flails | 5 6 |  6.5
Dodging        | 5 6 |  6.5
Charms         | 6 |  6.7

Action                   |  1- 3 |  4- 6 |  7- 9 || total
-------------------------+-------+-------+-------++-------
Melee: Mace              |   140 |     8 |       ||   148
       Bite              |    18 |    15 |    44 ||    77
       War axe           |       |   183 |   346 ||   529
 Cast: Spectral Weapon   |       |     2 |     3 ||     5
       Infusion          |       |       |     3 ||     3
  Use: Potion            |     2 |       |     8 ||    10
       Scroll            |     5 |     7 |     3 ||    15
 Stab: Sleeping          |       |     2 |     1 ||     3
  Eat: Chunk             |       |     4 |     6 ||    10
       Ration            |       |     2 |     7 ||     9
Armor: Leather armour    |    30 |    10 |       ||    40
       Ring mail         |       |    33 |    54 ||    87
       Chain mail        |       |       |    82 ||    82
Dodge: Dodged            |   135 |   175 |   292 ||   602
Block: Buckler           |       |    18 |    98 ||   116

Table legend:
 A = Spawn XP
 B = Non-spawn XP
 C = Spawn XP percentage of total XP
 D = Spawn monster count
 E = Non-spawn monster count
 F = Spawn count percentage of total count
 G = Total turns spent on level
                    A         B        C        D         E        F      G
               +---------+---------+-------+---------+---------+-------+---------
         Total |       0 |    4278 |   0.0 |       0 |     148 |   0.0 |  7508
               +---------+---------+-------+---------+---------+-------+---------
           D:1 |       0 |      57 |   0.0 |       0 |      28 |   0.0 |   693
           D:2 |       0 |     143 |   0.0 |       0 |      29 |   0.0 |  1181
           D:3 |       0 |     163 |   0.0 |       0 |      26 |   0.0 |  1693
           D:4 |       0 |    1096 |   0.0 |       0 |      20 |   0.0 |  1057
           D:5 |       0 |     359 |   0.0 |       0 |      14 |   0.0 |  1107
           D:6 |       0 |    1174 |   0.0 |       0 |      21 |   0.0 |  1567
           D:7 |       0 |    1286 |   0.0 |       0 |      10 |   0.0 |   119
               +---------+---------+-------+---------+---------+-------+---------
